AoeStats
← Goths Girl

Pilgrims

507675260Analyzed
2v2 RM · 11d ago on Sep 19, 2026· 47m 26s· 4 players
Game mode
Random Map
Map size
Medium (4 player)
Population
200
Speed
Normal
Resources
Standard
Victory
Conquest
Starting age
Dark Age
Ending age
Imperial Age
RankedLock teamsTeams togetherTeam positionsShared explorationLock speedFull tech treeHidden civsTurbo modeCheats
Victory
Defeat
🇪🇸 Muisca · Spain
975
+16
974
+16
🇩🇪 Goths · Germany
978
-17
🇩🇪 Magyars · Germany
962
-15
check out my butt
3:16 Loom
14:28 Feudal Age
15:24 Double-Bit Axe
17:06 Bloodlines
19:50 Wheelbarrow
24:37 Castle Age
22:45 Scale Mail Armor
22:51 Scale Barding Armor
24:48 Light Cavalry
26:11 Bow Saw
25:55 Gold Mining
28:09 Hand Cart
39:44 Caravan
Goths Girl
2:47 Loom
10:50 Feudal Age
11:36 Double-Bit Axe
12:37 Horse Collar
15:35 Wheelbarrow
19:33 Castle Age
18:26 Gold Mining
19:17 Fishing Lines
21:20 Medium Warships
23:32 Bow Saw
27:46 Imperial Age
27:31 Squires
27:24 Man-at-Arms
28:25 Forging
28:15 Scale Mail Armor
29:14 Conscription
28:55 Anarchy
28:44 Long Swordsman
29:44 Two-Handed Swordsman
31:34 Heavy Plow
33:36 Champion
34:42 Perfusion
36:01 Iron Casting
35:41 Chain Mail Armor
40:47 Blast Furnace
Requejo
13:18 Feudal Age
13:54 Double-Bit Axe
15:48 Wheelbarrow
18:54 Castle Age
17:15 Forging
17:06 Scale Mail Armor
18:15 Wheelbarrow
17:26 Town Watch
17:09 Champi Runner
17:54 Padded Archer Armor
17:45 Fletching
17:56 Fishing Lines
18:21 Gold Mining
19:47 Stone Mining
20:32 Squires
19:54 Champi Warrior
21:13 Iron Casting
20:54 Chain Mail Armor
22:02 Bow Saw
22:28 Gold Shaft Mining
22:29 Stone Shaft Mining
22:13 Bodkin Arrow
22:36 Leather Archer Armor
24:16 Hand Cart
25:34 Medium Warships
25:19 Gillnets
28:52 Imperial Age
26:50 Town Patrol
29:32 Herbalism
29:36 Elite Champi Warrior
32:23 Two-Man Saw
32:30 Elite Guecha Warrior
34:05 Ballistics
37:08 Chemistry
43:33 Conscription
44:50 Plate Mail Armor
清世纪福音战士洪秀全
7:29 Loom
13:19 Feudal Age
13:44 Horse Collar
13:51 Double-Bit Axe
14:06 Gold Mining
14:43 Fishing Lines
22:46 Castle Age
22:37 Forging
22:28 Scale Mail Armor
22:19 Fletching
22:35 Scale Barding Armor
24:26 Squires
23:48 Pikeman
25:19 Iron Casting
24:59 Chain Mail Armor
24:41 Bodkin Arrow
25:28 Bow Saw
25:23 Heavy Plow
26:19 Gold Shaft Mining
26:29 Stone Mining
27:28 Medium Warships
30:03 Wheelbarrow
29:16 Town Watch
30:50 Chain Barding Armor
30:17 Gambesons
30:19 Arson
33:15 Imperial Age
31:13 Hand Cart
33:13 Stone Shaft Mining
34:40 Conscription
35:04 Crop Rotation
36:02 Heavy Warships
35:29 Gillnets
36:40 Plate Mail Armor
38:27 Bagains
41:22 Blast Furnace
42:24 Caravan
45:58 Siege Engineers
46:55 Chemistry
46:16 Ballistics
Connection lost

Rejoining the realm…

Still unreachable

The connection could not be restored.

Session expired

The server has moved on; the page needs a fresh start.